EDMONTON vs LOS ANGELES

Created - July 5, 2021 at 08:48

Goals
1 2 3 T
EDMONTON 1 1 3 5
LOS ANGELES 0 3 0 3
Shots
1 2 3 T
EDMONTON 4 13 6 23
LOS ANGELES 9 12 2 23

1st period

1. EDMONTON , Phil Kessel 4 (Oliver Ekman-Larsson 5) at 11:17 (PP)

Penalties :
Matthew Tkachuk (LOS) for Holding (Minor) at 4:46, Kris Letang (LOS) for High sticking (Double Minor) at 10:22, Matthew Tkachuk (LOS) for Hooking (Minor) at 15:59

2nd period

2. LOS ANGELES , Matthew Tkachuk 1 (Tyler Seguin 7, Mika Zibanejad 5) at 0:04
3. EDMONTON , Oliver Ekman-Larsson 2 (Josh Archibald 1, Darren Helm 1) at 2:23
4. LOS ANGELES , Josh Manson 2 (Travis Zajac 3) at 9:29
5. LOS ANGELES , Mike Hoffman 3 (Jonathan Toews 5, Zdeno Chara 6) at 9:52

Penalties :
Tyler Seguin (LOS) for High sticking (Minor) at 12:20

3rd period

6. EDMONTON , David Perron 4 (Tyler Johnson 4, Kyle Palmieri 5) at 8:49
7. EDMONTON , Anze Kopitar 2 (Phil Kessel 4) at 11:37
8. EDMONTON , Phil Kessel 5 (Jakub Voracek 4, Josh Archibald 2) at 19:07 (Empty Net)

Penalties :
No Penalty

Goalie Stats

Darcy Kuemper (EDM), 20 saves from 23 shots - (0.870), W, 6-0-0, 60:00 minutes
Antti Raanta (LOS), 18 saves from 22 shots - (0.818), L, 4-3-2, 59:54 minutes

Players Stats for EDMONTON

Player Name              G  A  P  +/- PIM S  H  SB GA TA FO     MP     PP MP  PK MP  
------------------------------------------------------------------------------------
Anze Kopitar             1  0  1  -1  0   3  1  1  0  0  11/24  23:10   3:56   0:00 
Carson Soucy             0  0  0   1  0   1  0  1  0  0  0/0    16:37   0:00   0:00 
Craig Smith              0  0  0  -1  0   0  1  0  0  0  1/2    13:30   0:38   0:00 
Darren Helm              0  1  1   2  0   0  1  0  0  0  0/1     8:04   0:27   0:00 
David Perron             1  0  1   1  0   4  0  0  0  0  1/1    19:37   4:28   0:00 
Derek Forbort            0  0  0   0  0   0  0  1  0  0  0/0     3:48   0:38   0:00 
Derek Ryan               0  0  0  -1  0   0  0  0  0  0  5/13   12:52   0:00   0:00 
Jakub Voracek            0  1  1   0  0   2  1  0  0  0  0/1    20:58   3:45   0:00 
Jason Demers             0  0  0  -1  0   0  3  0  0  0  0/0    22:50   4:01   0:00 
Josh Archibald           0  2  2   2  0   1  2  0  0  0  0/2     7:03   0:38   0:00 
Justin Holl              0  0  0  -1  0   0  6  3  0  0  0/0    22:53   3:38   0:00 
Kyle Palmieri            0  1  1   1  0   0  2  0  0  0  0/2    19:21   4:28   0:00 
Mathieu Perreault        0  0  0   1  0   0  0  0  0  0  2/5     6:45   0:00   0:00 
Oliver Ekman-Larsson     1  1  2   1  0   3  4  0  0  0  0/0    24:34   4:35   0:00 
Phil Kessel              2  1  3   0  0   5  1  0  0  0  2/2    20:58   3:45   0:00 
Travis Hamonic           0  0  0   1  0   0  0  2  0  0  0/0    24:47   4:50   0:00 
Tyler Johnson            0  1  1   1  0   1  1  0  0  0  15/27  19:21   4:28   0:00 
Vincent Hinostroza       0  0  0  -1  0   3  3  0  0  0  0/0    12:52   0:00   0:00 

Players Stats for LOS ANGELES

Player Name              G  A  P  +/- PIM S  H  SB GA TA FO     MP     PP MP  PK MP  
------------------------------------------------------------------------------------
Alex Goligoski           0  0  0   0  0   0  4  1  0  0  0/0    19:33   0:00   4:10 
Artem Anisimov           0  0  0   0  0   1  0  0  0  0  0/0    12:26   0:00   0:00 
Gabriel Bourque          0  0  0   0  0   0  0  0  0  0  0/0     6:50   0:00   0:00 
Johnny Boychuk           0  0  0   1  0   1  2  0  0  0  0/0    15:56   0:00   0:00 
Jonathan Toews           0  1  1  -1  0   4  2  0  0  0  13/22  20:21   0:00   5:20 
Josh Manson              1  0  1   1  0   2  0  0  0  0  0/0    17:10   0:00   1:14 
Kris Letang              0  0  0  -2  4   1  4  0  0  0  0/0    22:48   0:00   2:59 
Matthew Tkachuk          1  0  1   0  4   2  3  0  0  0  0/1    16:50   0:00   0:00 
Mika Zibanejad           0  1  1   0  0   1  1  1  0  0  13/28  21:42   0:00   4:50 
Mike Hoffman             1  0  1  -1  0   4  1  0  0  0  1/1    18:15   0:00   3:14 
Nick Bonino              0  0  0  -1  0   0  1  0  0  0  1/2    15:01   0:00   0:00 
Nick Cousins             0  0  0   0  0   1  0  0  0  0  0/1     8:32   0:00   1:42 
Riley Nash               0  0  0   0  0   0  0  0  0  0  4/7     6:50   0:00   0:00 
Ryan McDonagh            0  0  0  -2  0   0  2  0  0  0  0/0    21:58   0:00   4:35 
Tim Heed                 0  0  0   0  0   0  0  0  0  0  0/0     1:13   0:00   0:34 
Travis Zajac             0  1  1   0  0   3  0  0  0  0  11/17  12:28   0:00   0:02 
Tyler Seguin             0  1  1   0  2   0  1  0  0  0  0/1    19:25   0:00   2:34 
Vladislav Namestnikov    0  0  0   0  0   2  1  0  0  0  0/0    12:26   0:00   0:00 
Zdeno Chara              0  1  1   0  0   1  1  3  0  0  0/0    21:21   0:00   4:10 

3 Stars

1 - Phil Kessel (EDM)
2 - Oliver Ekman-Larsson (EDM)
3 - Josh Archibald (EDM)

Power Play

EDMONTON - 1 on 5 Attempt(s) - 20.00%
LOS ANGELES - 0 on 0 Attempt(s) - 0.00%

Penalty Kill

EDMONTON - 0 on 0 Attempt(s) - 0.00% - Score 0 goal in Penalty Kill
LOS ANGELES - 4 on 5 Attempt(s) - 80.00% - Score 0 goal in Penalty Kill

Team Stat

EDMONTON - Hits : 26 - Faceoff Wins : 37 - Blocked Shots : 8 - Penalty Minutes : 0
LOS ANGELES - Hits : 23 - Faceoff Wins : 43 - Blocked Shots : 5 - Penalty Minutes : 10

Official

Referees : Steven Jakobson and Justin Kea
Linesman : Scott Cockwell and Greg Devorski

Game Notes

Derek Forbort is injured at 18:36 of 1st period (Bruised Left Shoulder)
Phil Kessel has scored in a empty net!

Finance

Level 1 -- Attendance: 5903 (98.38%) -- Ticket Income $590,300
Level 2 -- Attendance: 4714 (94.28%) -- Ticket Income $282,840
Level 3 -- Attendance: 2000 (100.00%) -- Ticket Income $70,000
Level 4 -- Attendance: 4000 (100.00%) -- Ticket Income $80,000
Luxury Box -- Attendance: 902 (90.20%) -- Ticket Income $180,400
Game was played at the Staples Center.
Total Attendance: 17519 (97.33%)
Total Ticket Income: $1,203,540
Total Income: $1,203,540

EDMONTON

5 vs 5 Forward 
   Center                   Left Wing                Right Wing               Time % Phy DF OF 
 1 Anze Kopitar             Jakub Voracek            Phil Kessel              35     1   2  2  
 2 Tyler Johnson            David Perron             Kyle Palmieri            30     1   2  2  
 3 Derek Ryan               Vincent Hinostroza       Craig Smith              25     1   2  2  
 4 Mathieu Perreault        Darren Helm              Josh Archibald           10     1   2  2  

5 vs 5 Defense 
   Defense                  Defense                                           Time % Phy DF OF 
 1 Oliver Ekman-Larsson     Travis Hamonic                                    35     1   2  2  
 2 Jason Demers             Derek Forbort                                     30     1   2  2  
 3 Justin Holl              Carson Soucy                                      25     1   2  2  
 4 Oliver Ekman-Larsson     Travis Hamonic                                    10     1   2  2  

PowerPlay Forward 
   Center                   Left Wing                Right Wing               Time % Phy DF OF 
 1 Anze Kopitar             Jakub Voracek            Phil Kessel              60     1   2  2  
 2 Tyler Johnson            David Perron             Kyle Palmieri            40     1   2  2  

PowerPlay Defense
   Defense                  Defense                                           Time % Phy DF OF 
 1 Oliver Ekman-Larsson     Travis Hamonic                                    60     1   2  2  
 2 Jason Demers             Justin Holl                                       40     1   2  2  

Penalty Kill 4 Players Forward 
   Center                   Wing                     Time % Phy DF OF 
 1 Anze Kopitar             Josh Archibald           60     1   2  2  
 2 Derek Ryan               Vincent Hinostroza       40     1   2  2  

Penalty Kill 4 Players Defense
   Defense                  Defense                  Time % Phy DF OF 
 1 Oliver Ekman-Larsson     Travis Hamonic           60     1   2  2  
 2 Jason Demers             Justin Holl              40     1   2  2  

Penalty Kill - 3 Players Forward 
   Forward                                           Time % Phy DF OF 
 1 Anze Kopitar                                      60     1   2  2  
 2 Derek Ryan                                        40     1   2  2  

Penalty Kill - 3 Players Defense
   Defense                  Defense                  Time % Phy DF OF 
 1 Oliver Ekman-Larsson     Travis Hamonic           60     1   2  2  
 2 Justin Holl              Derek Forbort            40     1   2  2  

4 vs 4 Forward 
   Center                   Wing                     Time % Phy DF OF 
 1 Anze Kopitar             Jakub Voracek            60     1   2  2  
 2 Phil Kessel              David Perron             40     1   2  2  

4 vs 4 Defense
   Defense                  Defense                  Time % Phy DF OF 
 1 Oliver Ekman-Larsson     Justin Holl              60     1   2  2  
 2 Jason Demers             Derek Forbort            40     1   2  2  

Last Minutes Offensive
   Center                   Left Wing                Right Wing               Defense                  Defense                  
   Anze Kopitar             Jakub Voracek            Phil Kessel              Oliver Ekman-Larsson     Travis Hamonic           

Last Minutes Defensive
   Center                   Left Wing                Right Wing               Defense                  Defense                  
   Anze Kopitar             Jakub Voracek            Phil Kessel              Oliver Ekman-Larsson     Travis Hamonic           

Goaltenders
Starting : Darcy Kuemper            
Backup : Henrik Lundqvist         

Extra Forwards
Normal : Vincent Hinostroza, Craig Smith, Derek Ryan - PP : Tyler Johnson, Craig Smith - PK : Derek Ryan
Extra Defensemen
Normal : Justin Holl, Carson Soucy, Jason Demers - PP : Justin Holl - PK : Carson Soucy, Jason Demers
Penalty Shots
Anze Kopitar, Jakub Voracek, Phil Kessel, David Perron, Kyle Palmieri

Scratches
EDM Cap Hit (Suspend), Martin Marincin (Healthy)

LOS ANGELES

5 vs 5 Forward 
   Center                   Left Wing                Right Wing               Time % Phy DF OF 
 1 Mika Zibanejad           Tyler Seguin             Matthew Tkachuk          35     1   2  2  
 2 Jonathan Toews           Nick Bonino              Mike Hoffman             30     1   2  2  
 3 Travis Zajac             Vladislav Namestnikov    Artem Anisimov           25     1   2  2  
 4 Riley Nash               Nick Cousins             Gabriel Bourque          10     1   2  2  

5 vs 5 Defense 
   Defense                  Defense                                           Time % Phy DF OF 
 1 Kris Letang              Ryan McDonagh                                     35     1   2  2  
 2 Zdeno Chara              Alex Goligoski                                    30     1   2  2  
 3 Johnny Boychuk           Josh Manson                                       25     1   2  2  
 4 Zdeno Chara              Kris Letang                                       10     1   2  2  

PowerPlay Forward 
   Center                   Left Wing                Right Wing               Time % Phy DF OF 
 1 Mika Zibanejad           Tyler Seguin             Matthew Tkachuk          60     1   2  2  
 2 Jonathan Toews           Nick Bonino              Mike Hoffman             40     1   2  2  

PowerPlay Defense
   Defense                  Defense                                           Time % Phy DF OF 
 1 Kris Letang              Ryan McDonagh                                     60     1   2  2  
 2 Zdeno Chara              Alex Goligoski                                    40     1   2  2  

Penalty Kill 4 Players Forward 
   Center                   Wing                     Time % Phy DF OF 
 1 Mika Zibanejad           Jonathan Toews           60     1   2  2  
 2 Tyler Seguin             Mike Hoffman             40     1   2  2  

Penalty Kill 4 Players Defense
   Defense                  Defense                  Time % Phy DF OF 
 1 Kris Letang              Ryan McDonagh            60     1   2  2  
 2 Zdeno Chara              Alex Goligoski           40     1   2  2  

Penalty Kill - 3 Players Forward 
   Forward                                           Time % Phy DF OF 
 1 Mika Zibanejad                                    60     1   2  2  
 2 Jonathan Toews                                    40     1   2  2  

Penalty Kill - 3 Players Defense
   Defense                  Defense                  Time % Phy DF OF 
 1 Kris Letang              Ryan McDonagh            60     1   2  2  
 2 Zdeno Chara              Alex Goligoski           40     1   2  2  

4 vs 4 Forward 
   Center                   Wing                     Time % Phy DF OF 
 1 Mika Zibanejad           Jonathan Toews           60     1   2  2  
 2 Tyler Seguin             Matthew Tkachuk          40     1   2  2  

4 vs 4 Defense
   Defense                  Defense                  Time % Phy DF OF 
 1 Kris Letang              Ryan McDonagh            60     1   2  2  
 2 Zdeno Chara              Alex Goligoski           40     1   2  2  

Last Minutes Offensive
   Center                   Left Wing                Right Wing               Defense                  Defense                  
   Mika Zibanejad           Tyler Seguin             Mike Hoffman             Kris Letang              Ryan McDonagh            

Last Minutes Defensive
   Center                   Left Wing                Right Wing               Defense                  Defense                  
   Mika Zibanejad           Tyler Seguin             Mike Hoffman             Kris Letang              Ryan McDonagh            

Goaltenders
Starting : Antti Raanta             
Backup : Devin Williams           

Extra Forwards
Normal : Vladislav Namestnikov, Artem Anisimov, Nick Cousins - PP : Vladislav Namestnikov, Artem Anisimov - PK : Nick Cousins
Extra Defensemen
Normal : Johnny Boychuk, Josh Manson, Tim Heed - PP : Johnny Boychuk - PK : Josh Manson, Tim Heed
Penalty Shots
Mika Zibanejad, Jonathan Toews, Tyler Seguin, Mike Hoffman, Nick Bonino

Scratches
Valentin Zykov (Healthy), Jaroslav Halak (Healthy)

% Time on Ice - EDMONTON

Lines # - Real PCT - Wanted PCT - Time Play
Normal Forward
1 - 34% - 35% - 17:13
2 - 29% - 30% - 14:53
3 - 25% - 25% - 12:52
4 - 12% - 10% - 6:11
Normal Defense
1 - 32% - 35% - 16:36
2 - 42% - 30% - 21:18
3 - 23% - 25% - 11:35
4 - 3% - 10% - 1:40
PP Forward
1 - 50% - 60% - 4:23
2 - 50% - 40% - 4:28
PP Defense
1 - 61% - 60% - 5:23
2 - 39% - 40% - 3:28
PK Forward
1 - 0% - 60%
2 - 0% - 40%
PK Defense
1 - 0% - 60%
2 - 0% - 40%
PK3 Forward
1 - 0% - 60%
2 - 0% - 40%
PK3 Defense
1 - 0% - 60%
2 - 0% - 40%
44 Forward
1 - 0% - 60%
2 - 0% - 40%
44 Defense
1 - 0% - 60%
2 - 0% - 40%
Last Minute Offensive  - 0:00
Last Minute Defensive  - 0:00
Total
Forward - 60:00
Defense - 60:00

% Time on Ice - LOS ANGELES

Lines # - Real PCT - Wanted PCT - Time Play
Normal Forward
1 - 33% - 35% - 16:52
2 - 29% - 30% - 15:01
3 - 24% - 25% - 12:26
4 - 13% - 10% - 6:50
Normal Defense
1 - 34% - 35% - 17:23
2 - 30% - 30% - 15:23
3 - 31% - 25% - 15:56
4 - 5% - 10% - 2:27
PP Forward
1 - 0% - 60%
2 - 0% - 40%
PP Defense
1 - 0% - 60%
2 - 0% - 40%
PK Forward
1 - 63% - 60% - 5:37
2 - 37% - 40% - 3:14
PK Defense
1 - 53% - 60% - 4:41
2 - 47% - 40% - 4:10
PK3 Forward
1 - 0% - 60%
2 - 0% - 40%
PK3 Defense
1 - 0% - 60%
2 - 0% - 40%
44 Forward
1 - 0% - 60%
2 - 0% - 40%
44 Defense
1 - 0% - 60%
2 - 0% - 40%
Last Minute Offensive  - 0:00
Last Minute Defensive  - 0:00
Total
Forward - 60:00
Defense - 60:00

Play-by-Play

1st period


0:01 of 1st period - Mika Zibanejad wins face-off versus Anze Kopitar in neutral zone.
0:25 of 1st period - Shot by Anze Kopitar.
0:25 of 1st period - Shot Misses the Net.
0:29 of 1st period - Shot by Jakub Voracek.
0:29 of 1st period - Shot Misses the Net.
0:31 of 1st period - Shot by Travis Hamonic.
0:31 of 1st period - Shot Misses the Net.
1:02 of 1st period - Icing by Tyler Johnson.
1:03 of 1st period - Tyler Johnson wins face-off versus Travis Zajac in EDMONTON zone.
2:17 of 1st period - Shot by Vincent Hinostroza.
2:17 of 1st period - Stopped by Antti Raanta without a rebound.
2:18 of 1st period - Jonathan Toews wins face-off versus Mathieu Perreault in LOS ANGELES zone.
2:25 of 1st period - Shot by Mike Hoffman.
2:25 of 1st period - Stopped by Darcy Kuemper without a rebound.
2:26 of 1st period - Jonathan Toews wins face-off versus Anze Kopitar in EDMONTON zone.
2:48 of 1st period - Shot by Phil Kessel.
2:48 of 1st period - Shot Blocked by Alex Goligoski.
2:50 of 1st period - Shot by Travis Hamonic.
2:50 of 1st period - Shot Misses the Net.
2:59 of 1st period - Phil Kessel is hit by Zdeno Chara and loses puck.
3:23 of 1st period - Icing by Justin Holl.
3:24 of 1st period - Mathieu Perreault wins face-off versus Riley Nash in EDMONTON zone.
3:41 of 1st period - Ryan McDonagh is hit by Josh Archibald and loses puck.
4:32 of 1st period - Shot by Josh Manson.
4:32 of 1st period - Stopped by Darcy Kuemper without a rebound.
4:33 of 1st period - Tyler Johnson wins face-off versus Travis Zajac in EDMONTON zone.
4:42 of 1st period - Shot by Vladislav Namestnikov.
4:42 of 1st period - Stopped by Darcy Kuemper without a rebound.
4:43 of 1st period - Derek Ryan wins face-off versus Mika Zibanejad in EDMONTON zone.
4:43 of 1st period - Derek Ryan is hit by Mika Zibanejad.
4:46 of 1st period - Minor Penalty to Matthew Tkachuk for Holding.
4:47 of 1st period - Anze Kopitar wins face-off versus Mika Zibanejad in LOS ANGELES zone.
4:48 of 1st period - Shot by Jakub Voracek.
4:48 of 1st period - Shot Misses the Net.
5:08 of 1st period - Shot by Travis Hamonic.
5:08 of 1st period - Shot Blocked by Zdeno Chara.
5:14 of 1st period - Shot by Jonathan Toews.
5:14 of 1st period - Shot Blocked by Travis Hamonic.
5:16 of 1st period - Shot by Jonathan Toews.
5:16 of 1st period - Stopped by Darcy Kuemper without a rebound.
5:17 of 1st period - Mika Zibanejad wins face-off versus Tyler Johnson in EDMONTON zone.
7:02 of 1st period - Shot by Travis Zajac.
7:02 of 1st period - Shot Blocked by Travis Hamonic.
7:14 of 1st period - Shot by Johnny Boychuk.
7:14 of 1st period - Shot Misses the Net.
7:25 of 1st period - Vladislav Namestnikov is hit by Oliver Ekman-Larsson and loses puck.
8:12 of 1st period - Shot by Jakub Voracek.
8:12 of 1st period - Stopped by Antti Raanta without a rebound.
8:13 of 1st period - Mika Zibanejad wins face-off versus Mathieu Perreault in LOS ANGELES zone.
8:33 of 1st period - Off-side.
8:34 of 1st period - Tyler Johnson wins face-off versus Jonathan Toews in neutral zone.
8:39 of 1st period - Icing by Josh Manson.
8:40 of 1st period - Jonathan Toews wins face-off versus Tyler Johnson in LOS ANGELES zone.
10:15 of 1st period - Icing by Oliver Ekman-Larsson.
10:16 of 1st period - Anze Kopitar wins face-off versus Travis Zajac in EDMONTON zone.
10:22 of 1st period - Double Minor Penalty to Kris Letang for High sticking.
10:23 of 1st period - Mika Zibanejad wins face-off versus Tyler Johnson in LOS ANGELES zone.
10:36 of 1st period - Shot by David Perron.
10:36 of 1st period - Stopped by Antti Raanta with a rebound.
11:17 of 1st period - Shot by Phil Kessel.
11:17 of 1st period - Goal by Phil Kessel - EDMONTON : 1 - LOS ANGELES : 0.
11:18 of 1st period - Anze Kopitar wins face-off versus Mika Zibanejad in neutral zone.
11:51 of 1st period - Shot by Phil Kessel.
11:51 of 1st period - Deflect By Anze Kopitar.
11:51 of 1st period - Shot Misses the Net.
12:02 of 1st period - Icing by Tyler Johnson.
12:03 of 1st period - Tyler Johnson wins face-off versus Tyler Seguin in EDMONTON zone.
12:03 of 1st period - Tyler Johnson is hit by Tyler Seguin.
13:23 of 1st period - Shot by Artem Anisimov.
13:23 of 1st period - Stopped by Darcy Kuemper without a rebound.
13:24 of 1st period - Derek Ryan wins face-off versus Travis Zajac in EDMONTON zone.
13:32 of 1st period - Icing by Johnny Boychuk.
13:33 of 1st period - Travis Zajac wins face-off versus Derek Ryan in LOS ANGELES zone.
13:33 of 1st period - Travis Zajac is hit by Vincent Hinostroza.
13:47 of 1st period - Shot by Artem Anisimov.
13:47 of 1st period - Shot Misses the Net.
13:51 of 1st period - Shot by Johnny Boychuk.
13:51 of 1st period - Stopped by Darcy Kuemper without a rebound.
13:52 of 1st period - Tyler Johnson wins face-off versus Mika Zibanejad in EDMONTON zone.
14:03 of 1st period - Shot by Tyler Johnson.
14:03 of 1st period - Shot Hit the Post.
14:21 of 1st period - Shot by Matthew Tkachuk.
14:21 of 1st period - Shot Misses the Net.
14:23 of 1st period - Shot by Zdeno Chara.
14:23 of 1st period - Stopped by Darcy Kuemper without a rebound.
14:24 of 1st period - Craig Smith wins face-off versus Jonathan Toews in EDMONTON zone.
14:44 of 1st period - Shot by Nick Bonino.
14:44 of 1st period - Shot Misses the Net.
14:46 of 1st period - Shot by Jonathan Toews.
14:46 of 1st period - Stopped by Darcy Kuemper without a rebound.
14:47 of 1st period - Travis Zajac wins face-off versus Anze Kopitar in EDMONTON zone.
15:12 of 1st period - Shot by Vladislav Namestnikov.
15:12 of 1st period - Deflect By Artem Anisimov.
15:12 of 1st period - Shot Blocked by Carson Soucy.
15:14 of 1st period - Shot by Vladislav Namestnikov.
15:14 of 1st period - Shot Misses the Net.
15:35 of 1st period - Anze Kopitar is hit by Kris Letang and loses puck.
15:59 of 1st period - Minor Penalty to Matthew Tkachuk for Hooking.
16:00 of 1st period - Tyler Johnson wins face-off versus Mika Zibanejad in LOS ANGELES zone.
16:21 of 1st period - Shot by Mika Zibanejad.
16:21 of 1st period - Shot Misses the Net.
17:11 of 1st period - Jason Demers is hit by Mike Hoffman and loses puck.
17:20 of 1st period - Mike Hoffman is hit by Josh Archibald and loses puck.
18:04 of 1st period - Icing by Vladislav Namestnikov.
18:05 of 1st period - Travis Zajac wins face-off versus Derek Ryan in LOS ANGELES zone.
18:05 of 1st period - Travis Zajac is hit by Vincent Hinostroza.
18:32 of 1st period - Shot by Vladislav Namestnikov.
18:32 of 1st period - Stopped by Darcy Kuemper with a rebound.
18:36 of 1st period - Shot by Travis Zajac.
18:36 of 1st period - Shot Blocked by Derek Forbort.
18:36 of 1st period - Derek Forbort from EDMONTON is injured at 18:36 of 1st period (Bruised Left Shoulder).
18:37 of 1st period - Tyler Johnson wins face-off versus Riley Nash in EDMONTON zone.
18:55 of 1st period - Tyler Johnson is hit by Alex Goligoski and loses puck.
19:05 of 1st period - David Perron is hit by Alex Goligoski and loses puck.
19:23 of 1st period - Icing by Carson Soucy.
19:24 of 1st period - Tyler Johnson wins face-off versus Jonathan Toews in EDMONTON zone.
19:24 of 1st period - David Perron is hit by Jonathan Toews and loses puck.
19:39 of 1st period - Nick Bonino is hit by Kyle Palmieri and loses puck.
19:56 of 1st period - Shot by Phil Kessel.
19:56 of 1st period - Shot Misses the Net.
19:58 of 1st period - Shot by Phil Kessel.
19:58 of 1st period - Shot Misses the Net.
Goals for this period are 1 for EDMONTON vs 0 for LOS ANGELES.
Shots for this period are 4 for EDMONTON vs 9 for LOS ANGELES.

2nd period


0:01 of 2nd period - Mika Zibanejad wins face-off versus Anze Kopitar in neutral zone.
0:04 of 2nd period - Shot by Tyler Seguin.
0:04 of 2nd period - Deflect By Matthew Tkachuk.
0:04 of 2nd period - Goal by Matthew Tkachuk - EDMONTON : 1 - LOS ANGELES : 1.
0:05 of 2nd period - Mika Zibanejad wins face-off versus Anze Kopitar in neutral zone.
0:08 of 2nd period - Travis Hamonic is hit by Matthew Tkachuk and loses puck.
0:24 of 2nd period - Icing by Travis Hamonic.
0:25 of 2nd period - Phil Kessel wins face-off versus Jonathan Toews in EDMONTON zone.
0:32 of 2nd period - Shot by Anze Kopitar.
0:32 of 2nd period - Stopped by Antti Raanta without a rebound.
0:33 of 2nd period - Tyler Johnson wins face-off versus Mika Zibanejad in LOS ANGELES zone.
0:44 of 2nd period - Shot by Kyle Palmieri.
0:44 of 2nd period - Shot Misses the Net.
1:45 of 2nd period - Anze Kopitar is hit by Ryan McDonagh and loses puck.
1:50 of 2nd period - Shot by Jakub Voracek.
1:50 of 2nd period - Stopped by Antti Raanta without a rebound.
1:51 of 2nd period - Derek Ryan wins face-off versus Jonathan Toews in LOS ANGELES zone.
2:02 of 2nd period - Icing by Alex Goligoski.
2:03 of 2nd period - Jonathan Toews wins face-off versus Darren Helm in LOS ANGELES zone.
2:08 of 2nd period - Nick Bonino is hit by Darren Helm and loses puck.
2:21 of 2nd period - Shot by Josh Archibald.
2:21 of 2nd period - Stopped by Antti Raanta with a rebound.
2:23 of 2nd period - Shot by Oliver Ekman-Larsson.
2:23 of 2nd period - Goal by Oliver Ekman-Larsson - EDMONTON : 2 - LOS ANGELES : 1.
2:24 of 2nd period - Travis Zajac wins face-off versus Anze Kopitar in neutral zone.
2:24 of 2nd period - Vladislav Namestnikov is hit by Anze Kopitar and loses puck.
2:38 of 2nd period - Artem Anisimov is hit by Jakub Voracek and loses puck.
3:40 of 2nd period - Shot by David Perron.
3:40 of 2nd period - Stopped by Antti Raanta without a rebound.
3:41 of 2nd period - Derek Ryan wins face-off versus Jonathan Toews in LOS ANGELES zone.
3:55 of 2nd period - Off-side.
3:56 of 2nd period - Mika Zibanejad wins face-off versus Josh Archibald in neutral zone.
4:01 of 2nd period - Icing by Jason Demers.
4:02 of 2nd period - Jonathan Toews wins face-off versus Mathieu Perreault in EDMONTON zone.
4:21 of 2nd period - Shot by Josh Archibald.
4:21 of 2nd period - Shot Hit the Post.
4:27 of 2nd period - Shot by Darren Helm.
4:27 of 2nd period - Shot Misses the Net.
4:29 of 2nd period - Shot by Josh Archibald.
4:29 of 2nd period - Shot Misses the Net.
4:54 of 2nd period - Icing by Travis Hamonic.
4:55 of 2nd period - Anze Kopitar wins face-off versus Mika Zibanejad in EDMONTON zone.
5:54 of 2nd period - Off-side.
5:55 of 2nd period - Riley Nash wins face-off versus Derek Ryan in neutral zone.
6:06 of 2nd period - Shot by Nick Cousins.
6:06 of 2nd period - Stopped by Darcy Kuemper without a rebound.
6:07 of 2nd period - Jonathan Toews wins face-off versus Tyler Johnson in EDMONTON zone.
6:13 of 2nd period - Off-side.
6:14 of 2nd period - Jonathan Toews wins face-off versus Kyle Palmieri in neutral zone.
6:54 of 2nd period - Icing by Zdeno Chara.
6:55 of 2nd period - Derek Ryan wins face-off versus Jonathan Toews in LOS ANGELES zone.
7:17 of 2nd period - Icing by Alex Goligoski.
7:18 of 2nd period - Jonathan Toews wins face-off versus Anze Kopitar in LOS ANGELES zone.
7:35 of 2nd period - Shot by Matthew Tkachuk.
7:35 of 2nd period - Shot Blocked by Justin Holl.
7:37 of 2nd period - Shot by Ryan McDonagh.
7:37 of 2nd period - Deflect By Tyler Seguin.
7:37 of 2nd period - Shot Blocked by Anze Kopitar.
7:39 of 2nd period - Shot by Mika Zibanejad.
7:39 of 2nd period - Shot Misses the Net.
7:44 of 2nd period - Icing by Anze Kopitar.
7:45 of 2nd period - Travis Zajac wins face-off versus Jakub Voracek in EDMONTON zone.
8:02 of 2nd period - Icing by Vladislav Namestnikov.
8:03 of 2nd period - Travis Zajac wins face-off versus Derek Ryan in LOS ANGELES zone.
8:16 of 2nd period - Shot by Travis Zajac.
8:16 of 2nd period - Stopped by Darcy Kuemper without a rebound.
8:17 of 2nd period - David Perron wins face-off versus Matthew Tkachuk in EDMONTON zone.
8:17 of 2nd period - David Perron is hit by Matthew Tkachuk.
8:29 of 2nd period - Shot by Kyle Palmieri.
8:29 of 2nd period - Shot Misses the Net.
8:43 of 2nd period - Shot by Mika Zibanejad.
8:43 of 2nd period - Stopped by Darcy Kuemper with a rebound.
8:47 of 2nd period - Shot by Mika Zibanejad.
8:47 of 2nd period - Shot Misses the Net.
8:58 of 2nd period - Tyler Seguin is hit by Oliver Ekman-Larsson and loses puck.
9:19 of 2nd period - Off-side.
9:20 of 2nd period - Travis Zajac wins face-off versus Derek Ryan in neutral zone.
9:22 of 2nd period - Josh Manson is hit by Justin Holl and loses puck.
9:27 of 2nd period - Shot by Travis Zajac.
9:27 of 2nd period - Stopped by Darcy Kuemper with a rebound.
9:29 of 2nd period - Shot by Josh Manson.
9:29 of 2nd period - Goal by Josh Manson - EDMONTON : 2 - LOS ANGELES : 2.
9:30 of 2nd period - Jonathan Toews wins face-off versus Anze Kopitar in neutral zone.
9:50 of 2nd period - Shot by Mike Hoffman.
9:50 of 2nd period - Shot Misses the Net.
9:52 of 2nd period - Shot by Mike Hoffman.
9:52 of 2nd period - Goal by Mike Hoffman - EDMONTON : 2 - LOS ANGELES : 3.
9:53 of 2nd period - Mika Zibanejad wins face-off versus Craig Smith in neutral zone.
9:53 of 2nd period - Kris Letang is hit by Craig Smith and loses puck.
10:00 of 2nd period - Shot by Vincent Hinostroza.
10:00 of 2nd period - Shot Misses the Net.
10:02 of 2nd period - Shot by Vincent Hinostroza.
10:02 of 2nd period - Stopped by Antti Raanta with a rebound.
10:23 of 2nd period - Shot by Vincent Hinostroza.
10:23 of 2nd period - Shot Blocked by Mika Zibanejad.
10:25 of 2nd period - Shot by Vincent Hinostroza.
10:25 of 2nd period - Shot Misses the Net.
10:52 of 2nd period - Icing by Zdeno Chara.
10:53 of 2nd period - Tyler Johnson wins face-off versus Jonathan Toews in LOS ANGELES zone.
11:20 of 2nd period - Shot by Mike Hoffman.
11:20 of 2nd period - Shot Misses the Net.
11:24 of 2nd period - Shot by Mike Hoffman.
11:24 of 2nd period - Deflect By Jonathan Toews.
11:24 of 2nd period - Stopped by Darcy Kuemper without a rebound.
11:25 of 2nd period - Travis Zajac wins face-off versus Derek Ryan in EDMONTON zone.
11:25 of 2nd period - Josh Manson is hit by Justin Holl and loses puck.
11:40 of 2nd period - Travis Zajac is hit by Jason Demers and loses puck.
12:20 of 2nd period - Minor Penalty to Tyler Seguin for High sticking.
12:21 of 2nd period - Mika Zibanejad wins face-off versus Tyler Johnson in LOS ANGELES zone.
13:19 of 2nd period - Shot by Phil Kessel.
13:19 of 2nd period - Stopped by Antti Raanta without a rebound.
13:20 of 2nd period - Anze Kopitar wins face-off versus Mika Zibanejad in LOS ANGELES zone.
13:47 of 2nd period - Anze Kopitar is hit by Kris Letang and loses puck.
14:06 of 2nd period - Shot by Oliver Ekman-Larsson.
14:06 of 2nd period - Stopped by Antti Raanta without a rebound.
14:07 of 2nd period - Tyler Johnson wins face-off versus Nick Cousins in LOS ANGELES zone.
14:08 of 2nd period - Shot by Oliver Ekman-Larsson.
14:08 of 2nd period - Stopped by Antti Raanta without a rebound.
14:09 of 2nd period - Mike Hoffman wins face-off versus Tyler Johnson in LOS ANGELES zone.
14:20 of 2nd period - Shot by Mike Hoffman.
14:20 of 2nd period - Stopped by Darcy Kuemper with a rebound.
14:46 of 2nd period - Derek Ryan is hit by Vladislav Namestnikov and loses puck.
15:15 of 2nd period - Icing by Kris Letang.
15:16 of 2nd period - Riley Nash wins face-off versus Tyler Johnson in LOS ANGELES zone.
15:16 of 2nd period - Riley Nash is hit by Kyle Palmieri.
16:33 of 2nd period - Shot by Matthew Tkachuk.
16:33 of 2nd period - Shot Blocked by Justin Holl.
16:44 of 2nd period - Tyler Seguin is hit by Justin Holl and loses puck.
16:47 of 2nd period - Shot by Zdeno Chara.
16:47 of 2nd period - Shot Misses the Net.
16:49 of 2nd period - Shot by Alex Goligoski.
16:49 of 2nd period - Deflect By Matthew Tkachuk.
16:49 of 2nd period - Stopped by Darcy Kuemper with a rebound.
16:51 of 2nd period - Shot by Alex Goligoski.
16:51 of 2nd period - Shot Blocked by Justin Holl.
17:00 of 2nd period - Phil Kessel is hit by Johnny Boychuk.
17:16 of 2nd period - Jason Demers is hit by Nick Bonino and loses puck.
17:31 of 2nd period - Shot by Jonathan Toews.
17:31 of 2nd period - Stopped by Darcy Kuemper with a rebound.
17:33 of 2nd period - Shot by Mike Hoffman.
17:33 of 2nd period - Stopped by Darcy Kuemper without a rebound.
17:34 of 2nd period - Travis Zajac wins face-off versus Derek Ryan in EDMONTON zone.
17:48 of 2nd period - Shot by Justin Holl.
17:48 of 2nd period - Shot Misses the Net.
17:50 of 2nd period - Shot by Derek Ryan.
17:50 of 2nd period - Shot Misses the Net.
18:02 of 2nd period - Shot by Vincent Hinostroza.
18:02 of 2nd period - Stopped by Antti Raanta without a rebound.
18:03 of 2nd period - Tyler Johnson wins face-off versus Mika Zibanejad in LOS ANGELES zone.
18:03 of 2nd period - David Perron is hit by Alex Goligoski.
18:11 of 2nd period - Shot by David Perron.
18:11 of 2nd period - Shot Misses the Net.
18:13 of 2nd period - Shot by Carson Soucy.
18:13 of 2nd period - Stopped by Antti Raanta without a rebound.
18:14 of 2nd period - Anze Kopitar wins face-off versus Nick Bonino in LOS ANGELES zone.
18:35 of 2nd period - Shot by Phil Kessel.
18:35 of 2nd period - Stopped by Antti Raanta without a rebound.
18:36 of 2nd period - Mika Zibanejad wins face-off versus Tyler Johnson in LOS ANGELES zone.
18:57 of 2nd period - Shot by David Perron.
18:57 of 2nd period - Stopped by Antti Raanta without a rebound.
18:58 of 2nd period - Jonathan Toews wins face-off versus Anze Kopitar in LOS ANGELES zone.
18:58 of 2nd period - Jonathan Toews is hit by Phil Kessel.
19:05 of 2nd period - Kris Letang is hit by Jason Demers and loses puck.
19:14 of 2nd period - Anze Kopitar is hit by Jonathan Toews and loses puck.
19:59 of 2nd period - Tyler Seguin is hit by Jason Demers.
Goals for this period are 1 for EDMONTON vs 3 for LOS ANGELES.
Shots for this period are 13 for EDMONTON vs 12 for LOS ANGELES.

3rd period


0:01 of 3rd period - Tyler Johnson wins face-off versus Mika Zibanejad in neutral zone.
0:16 of 3rd period - Shot by Tyler Johnson.
0:16 of 3rd period - Shot Misses the Net.
0:51 of 3rd period - Jakub Voracek is hit by Matthew Tkachuk and loses puck.
1:13 of 3rd period - Shot by Phil Kessel.
1:13 of 3rd period - Shot Misses the Net.
1:29 of 3rd period - Icing by Justin Holl.
1:30 of 3rd period - Nick Bonino wins face-off versus Anze Kopitar in EDMONTON zone.
1:30 of 3rd period - Nick Bonino is hit by Justin Holl.
2:01 of 3rd period - Shot by Jonathan Toews.
2:01 of 3rd period - Shot Misses the Net.
2:29 of 3rd period - Shot by Derek Ryan.
2:29 of 3rd period - Shot Blocked by Zdeno Chara.
2:47 of 3rd period - Shot by Craig Smith.
2:47 of 3rd period - Shot Misses the Net.
3:13 of 3rd period - Shot by Kyle Palmieri.
3:13 of 3rd period - Shot Misses the Net.
3:46 of 3rd period - Jason Demers is hit by Johnny Boychuk and loses puck.
4:16 of 3rd period - Shot by Nick Cousins.
4:16 of 3rd period - Shot Misses the Net.
4:22 of 3rd period - Shot by Riley Nash.
4:22 of 3rd period - Shot Misses the Net.
6:12 of 3rd period - Icing by Riley Nash.
6:13 of 3rd period - Riley Nash wins face-off versus Tyler Johnson in LOS ANGELES zone.
7:04 of 3rd period - Shot by Matthew Tkachuk.
7:04 of 3rd period - Shot Misses the Net.
7:08 of 3rd period - Shot by Kris Letang.
7:08 of 3rd period - Stopped by Darcy Kuemper without a rebound.
7:09 of 3rd period - Jonathan Toews wins face-off versus Anze Kopitar in EDMONTON zone.
7:31 of 3rd period - Icing by Oliver Ekman-Larsson.
7:32 of 3rd period - Anze Kopitar wins face-off versus Mika Zibanejad in EDMONTON zone.
7:36 of 3rd period - Oliver Ekman-Larsson is hit by Kris Letang and loses puck.
8:05 of 3rd period - Shot by Derek Ryan.
8:05 of 3rd period - Shot Misses the Net.
8:20 of 3rd period - Shot by Craig Smith.
8:20 of 3rd period - Shot Misses the Net.
8:29 of 3rd period - Icing by Ryan McDonagh.
8:30 of 3rd period - Mika Zibanejad wins face-off versus Tyler Johnson in LOS ANGELES zone.
8:32 of 3rd period - Icing by Kris Letang.
8:33 of 3rd period - Mika Zibanejad wins face-off versus Tyler Johnson in LOS ANGELES zone.
8:35 of 3rd period - Icing by Kris Letang.
8:36 of 3rd period - Tyler Johnson wins face-off versus Mika Zibanejad in LOS ANGELES zone.
8:36 of 3rd period - Kyle Palmieri is hit by Kris Letang and loses puck.
8:49 of 3rd period - Shot by David Perron.
8:49 of 3rd period - Goal by David Perron - EDMONTON : 3 - LOS ANGELES : 3.
8:50 of 3rd period - Jonathan Toews wins face-off versus Josh Archibald in neutral zone.
8:58 of 3rd period - Oliver Ekman-Larsson is hit by Alex Goligoski and loses puck.
9:51 of 3rd period - Shot by Travis Zajac.
9:51 of 3rd period - Stopped by Darcy Kuemper without a rebound.
9:52 of 3rd period - Riley Nash wins face-off versus Anze Kopitar in EDMONTON zone.
9:52 of 3rd period - Riley Nash is hit by Justin Holl.
10:08 of 3rd period - Shot by Anze Kopitar.
10:08 of 3rd period - Stopped by Antti Raanta without a rebound.
10:09 of 3rd period - Tyler Johnson wins face-off versus Mika Zibanejad in LOS ANGELES zone.
10:56 of 3rd period - Mika Zibanejad is hit by Justin Holl and loses puck.
11:09 of 3rd period - Jonathan Toews is hit by Tyler Johnson and loses puck.
11:31 of 3rd period - Icing by Kris Letang.
11:32 of 3rd period - Anze Kopitar wins face-off versus Jonathan Toews in LOS ANGELES zone.
11:35 of 3rd period - Shot by Phil Kessel.
11:35 of 3rd period - Shot Misses the Net.
11:37 of 3rd period - Shot by Anze Kopitar.
11:37 of 3rd period - Goal by Anze Kopitar - EDMONTON : 4 - LOS ANGELES : 3.
11:38 of 3rd period - Phil Kessel wins face-off versus Travis Zajac in neutral zone.
11:45 of 3rd period - Shot by Anze Kopitar.
11:45 of 3rd period - Deflect By Phil Kessel.
11:45 of 3rd period - Stopped by Antti Raanta without a rebound.
11:46 of 3rd period - Anze Kopitar wins face-off versus Travis Zajac in LOS ANGELES zone.
11:53 of 3rd period - Shot by Phil Kessel.
11:53 of 3rd period - Shot Blocked by Zdeno Chara.
11:56 of 3rd period - Icing by Zdeno Chara.
11:57 of 3rd period - Travis Zajac wins face-off versus Derek Ryan in LOS ANGELES zone.
12:24 of 3rd period - Off-side.
12:25 of 3rd period - Anze Kopitar wins face-off versus Mika Zibanejad in neutral zone.
13:06 of 3rd period - Icing by Anze Kopitar.
13:07 of 3rd period - Jonathan Toews wins face-off versus Anze Kopitar in EDMONTON zone.
13:22 of 3rd period - Shot by Mike Hoffman.
13:22 of 3rd period - Shot Misses the Net.
13:45 of 3rd period - Shot by Jonathan Toews.
13:45 of 3rd period - Shot Misses the Net.
14:31 of 3rd period - Alex Goligoski is hit by Oliver Ekman-Larsson and loses puck.
15:00 of 3rd period - Mika Zibanejad is hit by Vincent Hinostroza and loses puck.
15:04 of 3rd period - Josh Manson is hit by Oliver Ekman-Larsson and loses puck.
16:16 of 3rd period - Vincent Hinostroza is hit by Ryan McDonagh and loses puck.
16:54 of 3rd period - Shot by Tyler Johnson.
16:54 of 3rd period - Stopped by Antti Raanta without a rebound.
16:55 of 3rd period - Travis Zajac wins face-off versus Tyler Johnson in LOS ANGELES zone.
17:05 of 3rd period - Off-side.
17:06 of 3rd period - Mathieu Perreault wins face-off versus Mika Zibanejad in neutral zone.
18:23 of 3rd period - Shot by Kyle Palmieri.
18:23 of 3rd period - Shot Misses the Net.
19:01 of 3rd period - LOS ANGELES, Antti Raanta is pulled from the net.
19:01 of 3rd period - Shot by Kris Letang.
19:01 of 3rd period - Shot Misses the Net.
19:07 of 3rd period - Shot by Phil Kessel.
19:07 of 3rd period - Goal by Phil Kessel - EDMONTON : 5 - LOS ANGELES : 3.
19:07 of 3rd period - Antti Raanta from LOS ANGELES was sent back in the game.
19:08 of 3rd period - Anze Kopitar wins face-off versus Riley Nash in neutral zone.
19:11 of 3rd period - Shot by Phil Kessel.
19:11 of 3rd period - Shot Misses the Net.
19:52 of 3rd period - Icing by Jason Demers.
19:53 of 3rd period - Mika Zibanejad wins face-off versus Kyle Palmieri in EDMONTON zone.
Goals for this period are 3 for EDMONTON vs 0 for LOS ANGELES.
Shots for this period are 6 for EDMONTON vs 2 for LOS ANGELES.